 Dungeon Crawl Stone Soup version 0.24.0-125-gc4c63601f3 (webtiles) character file.

Game seed: 2255016331408003704, levelgen mode: deterministic

10129 H0rd4k the Cutter (level 11, 0/83 HPs)
             Began as a Human Artificer on Mar 18, 2020.
             Was an Initiate of Gozag.
             Slain by a spiny frog (19 damage)
             ... on level 1 of the Lair of Beasts.
             The game lasted 00:37:41 (13996 turns).

H0rd4k the Cutter (Human Artificer)                Turns: 13996, Time: 00:37:42

Health: 0/83       AC: 10    Str: 11    XL:     11   Next: 87%
Magic:  17/17      EV: 15    Int: 12    God:    Gozag
Gold:   367        SH:  0    Dex: 17    Spells: 9/19 levels left

rFire    + + .     SeeInvis +   o - +5 scimitar (flame)
rCold    . . .     Gourm    .   (no shield)
rNeg     . . .     Faith    .   y - +0 leather armour of Napilefo {rF++ rCorr Str-3 SInv}
rPois    .         Spirit   .   v - +2 hat
rElec    .         Reflect  .   t - +0 cloak
rCorr    +         Harm     .   (no gloves)
MR       .....                  (no boots)
Stlth    +++.......             (no amulet)
HPRegen  0.23/turn              C - +4 ring of protection
MPRegen  0.15/turn              d - ring of wizardry

@: gold aura, very slightly contaminated
A: thin skeletal structure 1, evolution 1
a: Potion Petition, Call Merchant, Bribe Branch, Renounce Religion


You were on level 1 of the Lair of Beasts.
You worshipped Gozag.
Gozag was aware of your devotion.
You were not hungry.

You visited 3 branches of the dungeon, and saw 13 of its levels.

You collected 613 gold pieces.
You spent 28 gold pieces at shops.
You paid 218 gold pieces to Gozag.

Inventory:

Hand Weapons
 k - a cursed +4 short sword of freezing
 o - a +5 scimitar of flaming (weapon)
 J - a +2 hunting sling of freezing
 Q - a +1 shortbow of freezing
Missiles
 c - 9 arrows
 r - 50 poisoned darts (quivered)
 I - 6 silver javelins
 L - 8 atropa-tipped darts
Armour
 t - a +0 cloak (worn)
 v - a +2 hat (worn)
 y - the +0 leather armour of Napilefo (worn) {rF++ rCorr Str-3 SInv}
   (You found it on level 5 of the Dungeon)

   It affects your strength (-3).
   It greatly protects you from fire.
   It lets you see invisible.
   It provides partial protection from all sources of acid and corrosion.
 G - the +1 chain mail of Uttualuph {Dex+3 Stlth+}
   (You found it on level 7 of the Dungeon)

   It affects your dexterity (+3).
   It makes you more stealthy.
Jewellery
 d - a ring of wizardry (right hand)
 C - a +4 ring of protection (left hand)
 S - an uncursed ring of ice
Wands
 D - a wand of digging (4)
 H - a wand of polymorph (8)
 M - a wand of random effects (18)
Scrolls
 b - a scroll of holy word {unknown}
 e - 3 scrolls of magic mapping
 i - 9 scrolls of teleportation
 p - 3 scrolls of amnesia
 q - 5 scrolls of remove curse
 A - 3 scrolls of noise
 E - 3 scrolls of blinking
Potions
 j - 5 potions of curing
 l - a potion of might
 n - a potion of brilliance
 s - a potion of flight
 x - a potion of lignification
 z - a potion of berserk rage
 B - 2 potions of agility
Miscellaneous
 h - a sack of spiders
Comestibles
 f - 16 rations


   Skills:
 + Level 6.4 Fighting
 + Level 7.4(8.4) Short Blades
 + Level 6.0(7.7) Long Blades
 + Level 2.2 Throwing
 - Level 4.3 Armour
 + Level 5.4 Dodging
 + Level 5.0 Stealth
 + Level 4.5 Spellcasting
 + Level 4.8 Conjurations
 * Level 2.7 Transmutations
 + Level 5.1 Fire Magic
 + Level 5.8 Evocations


You had 9 spell levels left.
You knew the following spells:

 Your Spells              Type           Power        Failure   Level  Hunger
a - Conjure Flame         Conj/Fire      ##......     4%          3    ###....
b - Beastly Appendage     Tmut           #.....       3%          1    None
c - Sticks to Snakes      Tmut           #.......     6%          2    ##.....
d - Sticky Flame          Conj/Fire      ##......     14%         4    ####...

Your spell library contained the following spells:

 Spells                   Type           Power        Failure   Level  Hunger
 Flame Tongue             Conj/Fire      ##...        1%          1    None
 Throw Flame              Conj/Fire      ##....       2%          2    ##.....
 Animate Skeleton         Necr           N/A          11%         1    None
 Pain                     Necr           #...         11%         1    None
 Inner Flame              Hex/Fire       #.......     12%         3    ###....
 Spider Form              Tmut/Pois      #.........   19%         3    ###....
 Regeneration             Chrm/Necr      #.........   32%         3    ###....
 Vampiric Draining        Necr           #.........   32%         3    ###....
 Fireball                 Conj/Fire      ##........   34%         5    ######.
 Ice Form                 Ice/Tmut       #.......     50%         4    ####...
 Blade Hands              Tmut           #.........   65%         5    ######.
 Animate Dead             Necr           N/A          69%         4    ####...


Dungeon Overview and Level Annotations

Branches:
Dungeon (11/15)            Temple (1/1) D:5            Lair (1/6) D:10
    Orc: D:9-12

Altars:
Ashenzari
Cheibriados
Dithmenos
Elyvilon
Fedhas
Gozag
Hepliaklqana
Kikubaaqudgha
Makhleb
Nemelex Xobeh
Okawaru
Qazlal
Ru
Sif Muna
Trog
Uskayaw
Vehumet
Wu Jian
Xom
Yredelemnul
Zin
The Shining One

Shops:
D:7 (*(   D:9 *[*?

Annotations:
D:1 1 exclusion
D:4 exclusion: downstairs
D:5 exclusion: ice beast
D:6 exclusion: downstairs, Blork the orc
D:8 2 transporters, Blodwynpig's ghost, novice GrBe
D:9 1 runed translucent door, exclusion: downstairs, ttag's ghost, novice MiFi
D:10 exclusion: 2 downstairs


Innate Abilities, Weirdness & Mutations

You have a somewhat thin skeletal structure. (Dex +2, Stealth)
You evolve.


Message History

Press: ? - help, Shift-Dir - straight line, f/p - spiny frog
Aim: a spiny frog (severely wounded, covered in acid)
The spiny frog flickers and vanishes for a moment.
Evoke which item? (* to show all) (? for menu, Esc to quit)
Aiming: Random Effects
Press: ? - help, Shift-Dir - straight line, f/p - spiny frog
Aim: a spiny frog (severely wounded, slightly transparent, covered in acid)
The spiny frog resists with significant effort.
The spiny frog disappears!
The spiny frog reappears nearby!
Evoke which item? (* to show all) (? for menu, Esc to quit)
Aiming: Random Effects
Press: ? - help, Shift-Dir - straight line, f/p - spiny frog
Aim: a spiny frog (severely wounded, slightly transparent, covered in acid)
The puff of frost hits the spiny frog!
The spiny frog is almost dead.
You hit the spiny frog. You burn the spiny frog.
The spiny frog is almost dead.
The spiny frog stings you!!
You die...
Your body crumbles into a pile of gold.

..##### .
#.#....#....
#..$<....!#
##.......#..
##..###.#
#..# # #..#
#..# #@.#
#F.# P..#
P....
.......
.........
#######$.##
###


You could see a spiny frog (invisible).

Vanquished Creatures
  A hydra (D:11)
  2 two-headed ogres
  Erica (D:8)
  Psyche (D:8)
  A cyclops (D:11)
  Maurice (D:8)
  A kobold demonologist (D:10)
  Grinder (D:5)
  Prince Ribbit (D:6)
  A hippogriff (D:11)
  A slime creature (D:10)
  2 water moccasins
  A wyvern (D:9)
  A spriggan (D:7)
  5 yaks
  A shadow (D:9)
  3 orc warriors
  An ice beast (D:10)
  A sky beast (D:7)
  An eye of draining (D:11)
  A black bear (D:10)
  6 ogres
  2 centaurs
  5 bullfrogs
  2 scorpions
  A water moccasin skeleton (D:9)
  11 killer bees
  4 wights (D:8)
  A howler monkey (D:11)
  3 bullfrog zombies
  3 crimson imps
  5 orc priests
  8 hounds
  10 orc wizards
  9 jellies
  6 iguanas
  8 worker ants
  A hound zombie (D:6)
  8 adders
  A shadow imp (D:8)
  14 oozes (D:10)
  An adder skeleton (D:6)
  An adder zombie (D:9)
  A worm (D:2)
  4 leopard geckos
  26 orcs
  5 giant cockroaches
  2 goblins (D:2)
  6 hobgoblins
  8 jackals
  2 kobolds (D:3)
  3 quokkas
  2 ball pythons
  6 bats
  3 frilled lizards
  A jackal zombie (D:5)
  6 rats
214 creatures vanquished.

Vanquished Creatures (collateral kills)
  A crocodile (D:9)
  A bullfrog (D:8)
  A wight (D:8)
  A crimson imp (D:8)
  An orc priest (D:4)
  A jelly (D:8)
  An adder (D:3)
  A howler monkey skeleton (D:8)
  A worm (D:3)
  A dart slug (D:3)
  A leopard gecko (D:3)
  2 orcs
  A goblin (D:3)
  A hobgoblin (D:3)
  A bat (D:2)
  A kobold (D:3)
17 creatures vanquished.

Vanquished Creatures (others)
  An ogre (D:6)
  2 adders
  2 orcs (D:4)
  12 fungi
  6 plants
23 creatures vanquished.

Grand Total: 254 creatures vanquished

Notes
Turn   | Place    | Note
-------+----------+-------------------------------------------
     0 | D:1      | H0rd4k the Human Artificer began the quest for the Orb.
     0 | D:1      | Reached XP level 1. HP: 15/15 MP: 3/3
   171 | D:1      | Reached XP level 2. HP: 7/21 MP: 4/4
  1305 | D:2      | Reached XP level 3. HP: 21/26 MP: 5/5
  1328 | D:2      | Reached skill level 1 in Armour
  1450 | D:2      | Reached skill level 2 in Short Blades
  1489 | D:2      | Found an ornate altar of the Wu Jian Council.
  1489 | D:2      | Found a faded altar of an unknown god.
  1494 | D:2      | Found a shimmering altar of Xom.
  1496 | D:2      | Found an iron altar of Okawaru.
  1498 | D:2      | Found a faded altar of an unknown god.
  1604 | D:3      | Reached XP level 4. HP: 7/32 MP: 6/6
  2178 | D:2      | Found a shattered altar of Ashenzari.
  2182 | D:2      | Saw a vision of the Shoals and the Spider Nest.
  2182 | D:2      | Noticed a redback
  2182 | D:2      | Noticed a redback
  2182 | D:2      | Noticed a merfolk siren
  2182 | D:2      | Noticed a redback
  2182 | D:2      | Noticed a merfolk siren
  2182 | D:2      | Noticed a merfolk siren
  2182 | D:2      | Noticed a redback
  2182 | D:2      | Noticed a merfolk
  2346 | D:3      | Reached XP level 5. HP: 13/37 MP: 7/7
  2537 | D:3      | Found a shimmering altar of Xom.
  3571 | D:4      | Reached skill level 3 in Short Blades
  3571 | D:4      | Reached XP level 6. HP: 19/44 MP: 8/8
  4099 | D:4      | Noticed a phantom
  4103 | D:5      | Entered Level 5 of the Dungeon
  4513 | D:4      | Gained mutation: You have a somewhat thin skeletal
                  | structure. (Dex +2, Stealth) [potion of mutation]
  4513 | D:4      | Gained mutation: Your magical capacity is low. (-10% MP)
                  | [potion of mutation]
  4513 | D:4      | Gained mutation: You are clumsy. (Dex -2) [potion of
                  | mutation]
  4513 | D:4      | Gained mutation: You evolve. [potion of mutation]
  4565 | D:4      | Lost mutation: Your magical capacity is low. (-10% MP)
                  | [evolution]
  4906 | D:5      | Noticed Grinder
  4928 | D:5      | Killed Grinder
  4928 | D:5      | Reached skill level 4 in Short Blades
  4928 | D:5      | Reached skill level 1 in Throwing
  4928 | D:5      | Reached XP level 7. HP: 18/50 MP: 10/10
  5198 | D:5      | Found a staircase to the Ecumenical Temple.
  6071 | D:5      | Found a burning altar of Makhleb.
  6138 | D:5      | Got a steaming leather armour
  6286 | D:5      | Identified the +0 leather armour of Napilefo {rF++ rCorr
                  | Str-3 SInv} (You found it on level 5 of the Dungeon)
  6305 | D:5      | Learned a level 3 spell: Conjure Flame
  6349 | D:6      | Reached XP level 8. HP: 57/57 MP: 11/11
  6374 | D:6      | Reached skill level 5 in Short Blades
  6834 | D:6      | Noticed Prince Ribbit
  7109 | D:6      | Killed Prince Ribbit
  7381 | D:6      | Noticed Blork the orc
  7478 | D:6      | Reached skill level 6 in Short Blades
  7478 | D:6      | Reached skill level 1 in Conjurations
  7478 | D:6      | Reached skill level 1 in Fire Magic
  7520 | D:6      | Reached XP level 9. HP: 62/64 MP: 12/12
  7627 | D:6      | Reached skill level 1 in Spellcasting
  7928 | D:7      | Found Qomo's Assorted Antiques.
  7973 | D:7      | Found Poteemacs's Weapon Shop.
  8134 | D:7      | Got a crude chain mail
  8188 | D:7      | Found a blossoming altar of Fedhas.
  8357 | D:8      | Lost mutation: You are clumsy. (Dex -2) [evolution]
  8371 | D:8      | Noticed Psyche
  8538 | D:7      | Found Nojirip's Weapon Shop.
  8962 | D:8      | Found a transporter.
  8964 | D:8      | Noticed Blodwynpig's ghost (novice GrBe)
  9023 | D:8      | Noticed Maurice
  9047 | D:8      | Killed Maurice
  9060 | D:8      | Killed Psyche
  9060 | D:8      | Reached skill level 7 in Short Blades
  9060 | D:8      | Reached XP level 10. HP: 65/73 MP: 12/14
  9137 | D:8      | Noticed Erica
  9357 | D:8      | Killed Erica
  9357 | D:8      | Reached skill level 5 in Evocations
  9724 | D:8      | Found a transporter.
  9895 | D:8      | Identified the +1 chain mail of Uttualuph {Dex+3 Stlth+}
                  | (You found it on level 7 of the Dungeon)
 10365 | D:9      | Reached skill level 1 in Long Blades
 10413 | D:9      | Reached skill level 5 in Fighting
 10422 | D:9      | Found a runed translucent door.
 10584 | D:9      | Found Wylyiz's Antique Armour Emporium.
 10586 | D:9      | Found Qiqit's General Store.
 10596 | D:9      | Bought a scroll of identify for 28 gold pieces
 10789 | D:9      | Found Goempeel's Assorted Antiques.
 10814 | D:9      | Identified a scroll of acquirement
 10834 | D:9      | Found Vapliez's Magic Scroll Shoppe.
 10948 | D:9      | Found a hazy altar of Hepliaklqana.
 11078 | D:9      | Identified the +4 spear of Lies {flame, rF+ MP+9 Int+2
                  | Stlth+}
 11080 | D:9      | Noticed ttag's ghost (novice MiFi)
 11120 | D:10     | Entered Level 10 of the Dungeon
 11244 | D:10     | Found a staircase to the Lair.
 11465 | D:10     | Reached XP level 11. HP: 67/80 MP: 16/16
 11524 | D:10     | Noticed a two-headed ogre
 11540 | D:10     | Killed a two-headed ogre
 11715 | D:10     | Noticed a sixfirhy
 11911 | D:9      | Reached skill level 5 in Fire Magic
 12493 | D:10     | Learned a level 1 spell: Beastly Appendage
 12496 | D:10     | Learned a level 2 spell: Sticks to Snakes
 12501 | D:10     | Learned a level 4 spell: Sticky Flame
 12522 | D:11     | Reached skill level 5 in Dodging
 12524 | D:11     | Noticed a cyclops
 12534 | D:11     | Killed a cyclops
 12809 | D:11     | Noticed a two-headed ogre
 12863 | D:11     | Noticed a six-headed hydra
 12874 | D:11     | Killed a six-headed hydra
 12874 | D:11     | Reached skill level 5 in Long Blades
 12874 | D:11     | Reached skill level 1 in Transmutations
 12882 | D:11     | Reached skill level 5 in Stealth
 13105 | D:11     | Killed a two-headed ogre
 13245 | D:11     | Noticed a green ugly thing
 13436 | Temple   | Entered the Ecumenical Temple
 13612 | Temple   | Became a worshipper of Gozag Ym Sagoz the Greedy
 13776 | Lair:1   | Entered Level 1 of the Lair of Beasts
 13996 | Lair:1   | Slain by a spiny frog

Levels and vault maps discovered:
D:1:      minmay_arrival_stair_chambers, layout_loops_ring, lemuel_flame_loot_1
D:2:      layout_basic, chequers_temple_overflow_minitemple, serial_glass,
          glass_columns_a, glass_columns_a, first_ration,
          grunt_ashenzari_visionary [grunt_ashenzari_visionary_shoals,
          grunt_ashenzari_visionary_spider]
D:3:      layout_loops_ring, xom_redecorated
D:4:      layout_basic, minmay_misc_feat_rows, kennysheep_generic_room_15
D:5:      layout_basic, minmay_temple_entry_overgrown, makhleb_heckhound_becter,
          uniq_grinder
D:6:      layout_basic, kennysheep_small_circle, uniq_prince_ribbit1,
          uniq_blork_the_orc
D:7:      layout_rooms, serial_shops, nicolae_shop_trees,
          nicolae_shop_overgrown_old_shop, shop, the_bakery, st_stairs_3,
          fedhas_altar_3
D:8:      layout_basic, gammafunk_ghost_stat_death, minivault_23, uniq_maurice,
          uniq_psyche, uniq_erica
D:9:      layout_loops_ring, lemuel_round_altar, serial_shops, shop_statue,
          shop, shop, shop_fountains, ebering_ghost_funeral_grove
D:10:     lemuel_slime, layout_long_grid, lair_entry_dummy
D:11:     layout_basic, kennysheep_orc_monster_closet_entryway
Temple:   regret_index_temple_mists
Lair:1:   layout_concentric_octagons, chequers_serial_rivers_small_a

Skill      XL: |  1  2  3  4  5  6  7  8  9 10 11 |
---------------+----------------------------------+-----
Armour         | 1 2 3 4 |  4.3
Short Blades   | 2 3 4 6 7 |  7.4
Evocations     | 4 5 |  5.8
Fighting       | 2 3 4 5 6 |  6.4
Throwing       | 1 2 |  2.2
Stealth        | 2 3 4 5 |  5.0
Dodging        | 3 4 5 |  5.4
Conjurations   | 1 3 4 |  4.8
Fire Magic     | 1 2 4 5 |  5.1
Spellcasting   | 2 3 4 |  4.5
Long Blades    | 2 6 |  6.0
Transmutations | 2 |  2.7

Action                   |  1- 3 |  4- 6 |  7- 9 | 10-12 || total
-------------------------+-------+-------+-------+-------++-------
Melee: Short sword       |    87 |   211 |       |       ||   298
       Rapier            |       |    23 |   240 |    46 ||   309
       Scimitar          |       |       |       |   251 ||   251
Throw: Dart              |       |     5 |    49 |    29 ||    83
       Javelin           |       |       |     9 |    11 ||    20
 Cast: Conjure Flame     |       |       |       |     5 ||     5
       Sticky Flame      |       |       |       |     1 ||     1
Evoke: Wand              |    14 |    24 |    36 |    46 ||   120
  Use: Potion            |     1 |     5 |       |     3 ||     9
       Scroll            |       |       |       |    17 ||    17
 Stab: Distracted        |     1 |     1 |       |     2 ||     4
       Sleeping          |       |     2 |     8 |     7 ||    17
  Eat: Chunk             |     2 |    10 |    10 |    12 ||    34
       Ration            |       |       |     1 |     2 ||     3
Armor: Leather armour    |    15 |    56 |    78 |    93 ||   242
Dodge: Dodged            |    69 |   110 |   166 |   216 ||   561
       Rpst.: Scimitar   |       |       |       |    46 ||    46
